AoeStats
← DS_Kvothe

Arabia

510629239Analyzed
1v1 RM · 9h ago on Oct 1, 2026· 27m 42s· 2 players
Game mode
Random Map
Map size
Tiny (2 player)
Population
200
Speed
Normal
Resources
Standard
Victory
Conquest
Starting age
Dark Age
Ending age
Imperial Age
RankedLock teamsTeams togetherTeam positionsShared explorationLock speedFull tech treeHidden civsTurbo modeCheats
Victory
Defeat
🇩🇪 Cumans · Germany
2072
+7
🇦🇷 Varangians · Argentina
1863
-7
Lakhdher
6:42 Loom
8:46 Feudal Age
9:27 Double-Bit Axe
18:26 Castle Age
17:36 Wheelbarrow
16:58 Horse Collar
17:24 Gold Mining
18:12 Fletching
19:04 Bodkin Arrow
19:25 Bow Saw
25:59 Scale Barding Armor
26:09 Bloodlines
DS_Kvothe
7:05 Loom
9:06 Feudal Age
11:58 Double-Bit Axe
11:54 Horse Collar
12:02 Town Watch
12:55 Wheelbarrow
17:20 Castle Age
17:33 Gold Mining
17:53 Scale Mail Armor
18:45 Gambesons
19:12 Squires
24:03 Chain Mail Armor
Connection lost

Rejoining the realm…

Still unreachable

The connection could not be restored.

Session expired

The server has moved on; the page needs a fresh start.